 Dungeon Crawl Stone Soup version 0.31.0-32-g396128a36d (webtiles) character file.

Game seed: 16396691753942519468

18 spaghetti the Trooper (level 2, -3/36 HPs)
             Began as a Demonspawn Berserker on Mar 22, 2024.
             Was a Follower of Trog.
             Frozen to death by an endoplasm (5 damage)
             ... on level 1 of the Dungeon.
             The game lasted 00:00:32 (292 turns).

spaghetti the Trooper (Demonspawn Berserker)         Turns: 292, Time: 00:00:32

Health: -3/36      AC:  2    Str: 17    XL:     2   Next: 48%
Magic:  2/2        EV: 12    Int:  7    God:    Trog [*.....]
Gold:   23         SH:  0    Dex: 12    Spells: 1/1 levels left

rFire   . .          .
                       - Unarmed
rCold   . . .        (no shield)
rNeg    . . .        a - +0 animal skin
rPois   .            (no helmet)
rElec   .            (no cloak)
rCorr   .            (no gloves)
SInv    .            (no boots)
Will    .....        (no amulet) Stlth
                     g - ring of flight
HPRegen 0.26/turn    (no ring)
MPRegen 0.08/turn

%: no passive effects
@: berserking (expiring), flying, very quick
A: powered by pain 1
a: Renounce Religion, Berserk


You were on level 1 of the Dungeon.
You worshipped Trog.
Trog was aware of your devotion.
You visited 1 branch of the dungeon, and saw 1 of its levels.

You collected 23 gold pieces.

Inventory:

Armour
 a - a +0 animal skin (worn)
Jewellery
 g - a ring of flight (left hand)
Scrolls
 b - a scroll of acquirement {unknown}
 d - a scroll of summoning {unknown}
 e - a scroll of torment {unknown}
 f - 2 scrolls of immolation {unknown}
 h - a scroll of vulnerability {unknown}
Potions
 c - a potion of mutation {unknown}
 i - a potion of haste {unknown}


   Skills:
 + Level 3.3 Fighting
 - Level 1.7 Armour
 + Level 2.1 Dodging
 + Level 3.0 Unarmed Combat


You had one spell level left.
You didn't know any spells.
Your spell library was empty.

Dungeon Overview and Level Annotations

Branches:
Dungeon (1/15)

Altars:


Innate Abilities, Weirdness & Mutations

You sometimes gain a little power by taking damage.


Message History

The jackal closely misses you.
You punch the jackal!
You kill the jackal!
Trog accepts your kill. The endoplasm misses you.
The jackal bites you but does no damage.
The jackal misses you.
You hit the jackal.
The jackal is moderately wounded.
The jackal completely misses you.
You hit the jackal but do no damage.
The jackal is moderately wounded.
The jackal closely misses you. The endoplasm closely misses you.
The jackal bites you.
* * * LOW HITPOINT WARNING * * *
You barely miss the jackal.
The jackal is moderately wounded.
The jackal bites you.
* * * LOW HITPOINT WARNING * * *
The endoplasm hits you.
* * * LOW HITPOINT WARNING * * *
You completely miss the jackal.
The jackal is moderately wounded.
The jackal bites you.
* * * LOW HITPOINT WARNING * * *
The jackal misses you.
You hit the jackal.
The jackal is heavily wounded.
The jackal closely misses you. The endoplasm freezes you.
You are frozen.
* * * LOW HITPOINT WARNING * * *
The jackal bites you but does no damage.
You punch the jackal!
You kill the jackal!
Trog accepts your kill. The jackal barely misses you.
The endoplasm freezes you.
You are frozen.
You die...

#.#### . #.# ###
.##. #.# #.. ...
#.# #.# ###.###
#.# #.# #.....
#.###.###)#.#
#......)†...#
#####.###.#†#.#
.....#†@J..#
#.###.###h).....
#. ... .####.# #
##..# ### .. ..#
## #.# #+# #†#
####.#### #.#
##..#.#..##


You could see an endoplasm and a jackal.

Vanquished Creatures
  An endoplasm (D:1)
  A giant cockroach (D:1)
  3 goblins (D:1)
  A hobgoblin (D:1)
  3 jackals (D:1)
  A kobold (D:1)
  A quokka (D:1)
  A ball python (D:1)
  A bat (D:1)
  2 frilled lizards (D:1)
  3 rats (D:1)
18 creatures vanquished.

Notes
Turn   | Place    | Note
-------+----------+-------------------------------------------
     0 | D:1      | spaghetti the Demonspawn Berserker began the quest for the
                  | Orb.
     0 | D:1      | Reached XP level 1. HP: 18/18 MP: 1/1
   191 | D:1      | Gained mutation: You sometimes gain a little power by
                  | taking damage. [demonic ancestry]
   191 | D:1      | Reached XP level 2. HP: 19/24 MP: 2/2
   292 | D:1      | Frozen to death by an endoplasm

Illustrated notes

Levels and vault maps discovered:
D:1:      nzn_arrival_crosshair, layout_loops_ring

Skill      XL: |  1  2 |
---------------+-------+-----
Dodging        | 2 |  2.1
Unarmed Combat | 3 |  3.0
Fighting       | |  3.3
Armour         | |  1.7

Action                     || total
---------------------------++-------
  Melee: Unarmed           ||    57
 Invoke: Berserk           ||     1
 Armour: Animal skin       ||    33
  Dodge: Dodged            ||    52
